 Dungeon Crawl Stone Soup version 0.31-a0-876-gfe8ebadbca (webtiles) character file.

Game seed: 4246484928332867881

7 Azuregosa the Sneak (level 2, -1/21 HPs)
             Began as an Octopode Delver on Oct 13, 2023.
             Succumbed to an adder's poison
             ... on level 3 of the Dungeon.
             The game lasted 00:00:50 (36 turns).

Azuregosa the Sneak (Octopode Delver)                 Turns: 36, Time: 00:00:51

Health: -1/21      AC:  1    Str: 11    XL:     2   Next: 4%
Magic:  2/2        EV: 13    Int: 12    God:
Gold:   16         SH:  0    Dex: 13    Spells: 1/1 levels left

rFire   . . .        a - +0 hand axe
rCold   . . .        (no shield)
rNeg    . . .        (helmet restricted)
rPois   .            (no amulet)
rElec   .            (no ring)
rCorr   .            (no ring)
SInv    .            (no ring)
Will    .....        (no ring)
Stlth   ++++         (no ring)
HPRegen 0.23/turn    (no ring)
MPRegen 0.08/turn    (no ring)
                     (no ring)

%: no passive effects
@: lethally poisoned (-1 -> -5)
A: almost no armour, amphibious, 8 rings, camouflage 1, gelatinous body 1,
(nimble swimmer 1), tentacles
a: no special abilities


You were on level 3 of the Dungeon.
You visited 1 branch of the dungeon, and saw 3 of its levels.

You collected 16 gold pieces.

Inventory:

Hand Weapons
 a - a +0 hand axe (weapon)
Wands
 f - a wand of digging (3)
Scrolls
 b - a scroll of fog
Potions
 e - a potion of haste


   Skills:
 - Level 3.0 Fighting
 - Level 2.0 Axes
 - Level 2.0 Dodging
 + Level 7.2 Stealth


You had one spell level left.
You didn't know any spells.
Your spell library was empty.

Dungeon Overview and Level Annotations

Branches:
Dungeon (5/15)
 Temple: D:4-7

Altars:


Innate Abilities, Weirdness & Mutations

You cannot wear most types of armour.
You are amphibious.
You can wear up to eight rings at the same time.
Your skin changes colour to match your surroundings (Stealth+).
Your rubbery body absorbs attacks. (AC +1, EV +1)
((You are camouflaged when in or above water. (Stealth+)))
You have tentacles for arms and can constrict up to eight enemies at once.


Message History

You climb upwards.
Found 12 gold pieces.
Found a stone staircase leading up.
There is a stone staircase leading down here.
The iguana barely misses you.
The hobgoblin shouts!
You hear an angry hiss.
The quokka misses you.
The iguana hisses menacingly.
There is a stone staircase leading up here.
The quokka misses you. The iguana bites you.
You climb upwards.
The orc shouts!
Found a glowing flail.
There is a stone staircase leading down here.
The quokka barely misses you. The iguana attacks as it pursues you!
The iguana bites you but does no damage.
You hit the quokka but do no damage. Your grab misses the quokka.
You tentacle-slap the quokka, but do no damage.
The quokka bites you.
You closely miss the quokka. You grab the quokka. You constrict the quokka.
The quokka bites you but does no damage.
The quokka closely misses you.
You hit the quokka. You squeeze the quokka.
You kill the quokka!
The adder bites you.
* * * LOW HITPOINT WARNING * * *
You are lethally poisoned!
The adder poisons you!
You have reached level 2!
As you read the scroll of fear, it crumbles to dust.
You assume a fearsome visage.
The rat looks frightened!
The adder looks frightened!
The iguana looks frightened!
* * * LOW HITPOINT WARNING * * *
You feel sick.
* * * LOW HITPOINT WARNING * * *
You feel sick. The orc barely misses you.
You see here a quokka corpse.
You hit the orc. Your grab misses the orc. You squeeze the orc.
You kill the orc!
You die...

. ##.#.#.#.##
#.#.........#
#..#)......##
#...........#
##.......##
#....r..l.#
##......S##
#......)..#
...#.#.#.#@##
.....#####.#
..## #.# .
#.# ..# .##
##


You could see an iguana (fleeing), an adder (fleeing) and a rat (fleeing).

Vanquished Creatures
  4 orcs
  A quokka (D:3)
5 creatures vanquished.

Notes
Turn   | Place    | Note
-------+----------+-------------------------------------------
     0 | D:5      | Azuregosa the Octopode Delver began the quest for the Orb.
     0 | D:5      | Reached XP level 1. HP: 16/16 MP: 1/1
    10 | D:5      | Noticed an iguana
    12 | D:5      | Noticed an ice beast
    18 | D:5      | Reached skill level 7 in Stealth
    34 | D:3      | Reached XP level 2. HP: 3/21 MP: 2/2
    34 | D:3      | HP: 1/21 [poisoned by an adder]
    36 | D:3      | Succumbed to an adder's poison

Illustrated notes

Levels and vault maps discovered:
D:3:      minmay_razor_zed, layout_rooms, old_standard_altar, serial_shops,
          shop, st_stairs_4, goddamned_bats, uniq_crazy_yiuf_cottage, uniq_ijyb
D:4:      layout_cave_pools, zin_angel, gammafunk_temple_overflow_statue
D:5:      layout_rooms, serial_shops, nicolae_lakefront_shop,
          guppyfry_early_orc_mine

Skill      XL: |  1 |
---------------+----+-----
Stealth        | 7 |  7.2
Fighting       | |  3.0
Axes           | |  2.0
Dodging        | |  2.0

Action                     || total
---------------------------++-------
  Melee: Hand axe          ||    11
         Constrict         ||     3
         Tentacles         ||     2
         Punch             ||     1
    Use: Scroll            ||     2
 Armour: Skin              ||     9
  Dodge: Dodged            ||    12

Table legend: (Time is in decaauts)
 A = Elapsed time spent in this place.
 B = Non-inter-level travel time spent in this place.
 C = Inter-level travel time spent in this place.
 D = Time resting spent in this place.
 E = Time spent auto-exploring this place.
 F = Levels seen in this place.
 G = Mean time per level.
                   A        B        C        D        E       F      G
               +--------+--------+--------+--------+--------+-----+--------+
         Total |     37 |     37 |      0 |      0 |      0 |   3 |   12.3 |
       Dungeon |     37 |     37 |      0 |      0 |      0 |   3 |   12.3 |
               +--------+--------+--------+--------+--------+-----+--------+

Top non-repeatable levels by time:
     D:5: 23 daAuts
     D:3: 10 daAuts
     D:4: 3 daAuts
